 Dungeon Crawl Stone Soup version 0.18-a0-183-gad09a0e (webtiles) character file.

164 Raultor the Skirmisher (level 5, -1/43 HPs)
             Began as a Demonspawn Abyssal Knight on Nov 23, 2015.
             Was a Believer of Lugonu.
             Slain by an iguana (4 damage)
             ... on level 3 of the Dungeon.
             The game lasted 00:05:50 (2511 turns).

Raultor the Skirmisher (Demonspawn Abyssal Knight)  Turns: 2511, Time: 00:05:50

Health: -1/43      AC:  7    Str: 14    XL:     5   Next: 21%
Magic:  7/7        EV: 12    Int: 13    God:    Lugonu [**....]
Gold:   71         SH:  0    Dex: 12    Spells: 0 memorised, 4 levels left

rFire  + + .     SeeInvis .     a - +1 mace
rCold  x . .     Clarity  .     b - +0 leather armour
rNeg   . . .     SustAt   .     (no shield)
rPois  .         Gourm    .     (no helmet)
rElec  .         Spirit   .     n - +2 cloak {MR+}
rCorr  .         Warding  .     (no gloves)
rMut   .         Stasis   .     (no boots)
MR     +....                    (no amulet)
Stlth  +.........               (no ring)
                                e - ring of fire

@: somewhat resistant to hostile enchantments, very unstealthy
A: rugged brown scales 1, fire resistance 1
a: Depart the Abyss, Bend Space, Renounce Religion


You were on level 3 of the Dungeon.
You worshipped Lugonu.
Lugonu was pleased with you.
You were not hungry.

You visited 1 branch of the dungeon, and saw 3 of its levels.
You visited the Abyss 1 time.

You collected 71 gold pieces.

Inventory:

Hand Weapons
 a - a +1 mace (weapon)
Armour
 b - a +0 leather armour (worn)
 n - a +2 cloak of magic resistance (worn)
Jewellery
 e - a ring of fire (left hand)
Scrolls
 d - 6 scrolls of identify {unknown}
 i - a scroll of enchant weapon {unknown}
 j - a scroll of random uselessness {unknown}
 k - a scroll of amnesia {unknown}
 m - a scroll of magic mapping {unknown}
Potions
 g - a potion of invisibility {unknown}
 l - a potion of haste {unknown}
 p - 2 potions of magic {unknown}
 q - 2 potions of flight {unknown}
 r - a potion of degeneration {unknown}
Comestibles
 c - 2 bread rations
 f - 3 beef jerkies
 h - 4 meat rations


   Skills:
 + Level 4.0 Fighting
 + Level 2.5 Maces & Flails
 + Level 2.6 Armour
 + Level 2.2 Dodging
 - Level 0.8 Stealth
 + Level 3.0 Invocations


You had 4 spell levels left.
You didn't know any spells.

Dungeon Overview and Level Annotations

Branches:
Dungeon (3/15)

Altars:
Ashenzari
Gozag
Sif Muna
Yredelemnul


Innate Abilities, Weirdness & Mutations

You are partially covered in rugged brown scales (AC +1, +3% HP).
Your flesh is heat resistant.


Message History

The adder is heavily wounded.
The adder barely misses you. The adder misses you.
You hit the adder.
You kill the adder!
Lugonu accepts your kill. The iguana closely misses you.
You hit the iguana.
The iguana is moderately wounded.
The iguana bites you!
* * * LOW HITPOINT WARNING * * *
You hit the iguana.
The iguana is heavily wounded.
The iguana closely misses you.
You hit the iguana.
The iguana is heavily wounded.
The iguana barely misses you.
You hit the iguana but do no damage.
The iguana is heavily wounded.
The iguana bites you.
You die...

## ### .# #.. .# #.# .# #.# .#
######## #.##.#####. # #......#
#.@l....... ####.####.#
##..#...%...##
[......##.####...#.##.....>..#
...............#.#.. #...#...
........#.######.#..#.#.#.#..#
........#...........#<#.#.#..#
........########.#..#.#.#.#..#
........# #.#....#.#.#..#
........########.#....#.#.#..####


You could see an iguana.

Vanquished Creatures
  A hound (D:3)
  Crazy Yiuf (D:2)
  5 adders
  A gnoll (D:1)
  4 worms
  A giant gecko (D:1)
  4 giant cockroaches
  7 goblins
  4 hobgoblins
  8 kobolds
  6 bats
  2 giant newts
  3 rats
47 creatures vanquished.

Notes
Turn   | Place    | Note
--------------------------------------------------------------
     0 | Abyss:1  | Raultor the Demonspawn Abyssal Knight began the quest for the Orb.
     0 | Abyss:1  | Reached XP level 1. HP: 18/18 MP: 2/2
    41 | Abyss:1  | Noticed a large abomination
    45 | D:1      | Escaped the Abyss
   423 | D:1      | Gained mutation: Your flesh is heat resistant. [demonic ancestry]
   423 | D:1      | Reached XP level 2. HP: 22/24 MP: 4/4
   465 | D:1      | Reached * piety under Lugonu
   523 | D:1      | Reached skill level 1 in Dodging
   986 | D:2      | Gained mutation: You are partially covered in rugged brown scales (AC +1, +3% HP). [demonic ancestry]
   986 | D:2      | Reached XP level 3. HP: 12/30 MP: 5/5
  1296 | D:2      | Found a shattered altar of Ashenzari.
  1296 | D:2      | Found an opulent altar of Gozag.
  1349 | D:2      | Found a deep blue altar of Sif Muna.
  1460 | D:2      | Noticed Crazy Yiuf
  1474 | D:2      | Killed Crazy Yiuf
  1474 | D:2      | Reached XP level 4. HP: 20/38 MP: 6/6
  1906 | D:2      | Found a faded altar to an unknown god.
  2009 | D:3      | Found a basalt altar of Yredelemnul.
  2018 | D:3      | Reached ** piety under Lugonu
  2278 | D:3      | Reached XP level 5. HP: 24/43 MP: 7/7
  2440 | D:3      | Reached skill level 4 in Fighting
  2511 | D:3      | Slain by an iguana

Vault maps used:
D:1:      nicolae_arrival_washed_ashore, minmay_misc_feat_columns,
          minmay_misc_feat_more_columns, minivault_11,
          minmay_misc_feat_secret_circle
D:2:      led_sif_pool, amethyst_overflow_temple_binary, ecumenical_altar_1,
          hangedman_decor_growths, uniq_crazy_yiuf_cottage
D:3:      old_standard_altar

Action                   |  1- 3 |  4- 6 || total
-------------------------+-------+-------++-------
Melee: Mace              |   103 |   111 ||   214
Invok: Depart the Abyss  |     1 |       ||     1
 Stab: Sleeping          |       |     1 ||     1
  Eat: Chunk             |     2 |     4 ||     6
